AoeStats
← MZTK | GaboxNet .i.

Pilgrims

510143941Analyzed
2v2 RM · 3d ago on Sep 29, 2026· 27m 40s· 4 players
Game mode
Random Map
Map size
Medium (4 player)
Population
200
Speed
Normal
Resources
Standard
Victory
Conquest
Starting age
Dark Age
Ending age
Imperial Age
RankedLock teamsTeams togetherTeam positionsShared explorationLock speedFull tech treeHidden civsTurbo modeCheats
Victory
Defeat
🇪🇸 Japanese · Spain
1347
+16
🇲🇽 Italians · Mexico
1175
+24
🇲🇽 Sicilians · Mexico
1373
-21
🇵🇰 Persians · Pakistan
1316
-19
botas.el.gato
2:55 Loom
14:52 Feudal Age
15:51 Double-Bit Axe
16:41 Forging
22:29 Castle Age
20:20 Fishing Lines
22:02 Gold Mining
23:31 Medium Warships
26:56 Wheelbarrow
Emperor Constantine
10:15 Feudal Age
11:11 Loom
11:42 Double-Bit Axe
14:24 Fletching
21:19 Castle Age
22:18 Medium Warships
22:48 Bodkin Arrow
stiven15678
6:30 Loom
10:32 Feudal Age
15:03 Double-Bit Axe
18:17 Fletching
22:27 Castle Age
21:32 Man-at-Arms
22:40 Scale Mail Armor
22:51 Forging
23:20 Medium Warships
23:13 Bodkin Arrow
23:06 Long Swordsman
28:29 Bow Saw
MZTK | GaboxNet .i.
5:37 Loom
11:31 Feudal Age
13:45 Double-Bit Axe
17:53 Fishing Lines
22:51 Castle Age
23:55 Medium Warships
24:06 Bow Saw
26:16 Careening
26:06 Gillnets
Connection lost

Rejoining the realm…

Still unreachable

The connection could not be restored.

Session expired

The server has moved on; the page needs a fresh start.